 Dungeon Crawl Stone Soup version 0.29.0-4-gdea44cf6ec (webtiles) character file.

Game seed: 18422352678472445915

237 qw the Shield-Bearer (level 6, -12/35 HPs)
             Began as a Tengu Warper on Aug 28, 2022.
             Mangled by an orc warrior
             ... wielding a +0 long sword
              (16 damage)
             ... on level 4 of the Dungeon.
             The game lasted 00:00:24 (4240 turns).

qw the Shield-Bearer (Tengu Warper)                 Turns: 4240, Time: 00:00:24

Health: -12/35     AC: 11    Str: 13    XL:     6   Next: 6%
Magic:  10/10      EV:  1    Int: 14    God:
Gold:   185        SH: 20    Dex: 19    Spells: 9/9 levels left

rFire   + . .      SeeInvis .   Y - +0 hand axe
rCold   + + .      Faith    .   k - +0 tower shield
rNeg    . . .      Spirit   .   f - +1 plate armour
rPois   .          Reflect  +   (helmet restricted)
rElec   .          Harm     .   (no cloak)
rCorr   .          Rampage  .   (no gloves)
Will    .....                   (boots unavailable)
Stlth   ..........              c - amulet of reflection
HPRegen 0.11/turn               j - ring of protection from cold
MPRegen 0.12/turn               h - ring "Wuxkiry" {rF+ rC+ Dex+6}

@: flying quickly and evasively, quick
A: beak, talons 3, nimble flight
a: no special abilities


You were on level 4 of the Dungeon.
You visited 1 branch of the dungeon, and saw 4 of its levels.

You collected 185 gold pieces.


Innate Abilities, Weirdness & Mutations

You have a beak for a mouth.
You have claws for feet.
Your magical nature lets you fly swiftly and evasively.


   Skills:
 - Level 2.0 Fighting
 - Level 4.3 Axes
 - Level 1.0 Throwing
 - Level 1.1 Armour
 - Level 2.1 Dodging
 + Level 4.4 Shields
 - Level 2.0 Spellcasting
 - Level 2.4 Translocations


You had 9 spell levels left.
You didn't know any spells.
Your spell library contained the following spells:

 Spells                   Type           Power      Damage    Failure   Level
 Blink                    Tloc           16%        N/A       100%        2
 Gell's Gravitas          Tloc           8%         N/A       100%        3
 Lesser Beckoning         Tloc           8%         N/A       100%        3
 Teleport Other           Tloc           8%         N/A       100%        3
 Manifold Assault         Tloc           8%         N/A       100%        5

Inventory:

Hand Weapons
 a - a +0 mace
 Y - a +0 hand axe (weapon)
Armour
 f - a +1 plate armour (worn)
 k - a +0 tower shield (worn)
Jewellery
 c - an amulet of reflection (around neck)
 h - the ring "Wuxkiry" (right hand) {rF+ rC+ Dex+6}
   (You found it on level 3 of the Dungeon)

   [ring of dexterity]

   Dex:       It affects your dexterity (+6).
   rF:        It protects you from fire.
   rC:        It protects you from cold.
 j - a ring of protection from cold (left hand)
Wands
 g - a wand of digging (6)
Scrolls
 l - 3 scrolls of identify
Potions
 b - a potion of lignification {unknown}
 d - a potion of mutation {unknown}
 e - 3 potions of curing {unknown}
 i - a potion of resistance

Dungeon Overview and Level Annotations

Branches:
Dungeon (4/15)
 Temple: D:4-7

Altars:

Shops:
D:2 :


Message History

The orc warrior is lightly wounded.
You hit the orc but do no damage. The orc hits you but does no damage.
You block the orc warrior's attack.
You barely miss the orc warrior.
The orc warrior is lightly wounded.
You hit the orc but do no damage. You block the orc's attack.
The orc warrior hits you with a +0 long sword.
You block the orc's attack.
You closely miss the orc warrior.
You claw the orc warrior, but do no damage.
Your peck misses the orc warrior.
The orc warrior is lightly wounded.
You closely miss the orc. You block the orc warrior's attack.
You block the orc's attack.
The orc warrior hits you with a +0 long sword.
You barely miss the orc warrior. Your kick misses the orc warrior.
The orc warrior is lightly wounded.
You hit the orc. The orc hits you but does no damage.
You block the orc warrior's attack. You block the orc's attack.
You hit the orc. You peck the orc.
You kill the orc!
You hit the orc warrior. You block the orc warrior's attack.
The orc warrior hits you but does no damage.
You hit the orc warrior but do no damage.
You claw the orc warrior.
The orc warrior is moderately wounded.
You closely miss the orc. The orc hits you but does no damage.
You block the orc warrior's attack. You block the orc's attack.
You closely miss the orc warrior.
You claw the orc warrior, but do no damage.
The orc warrior is moderately wounded.
You barely miss the orc. You block the orc warrior's attack.
You block the orc's attack.
An orc comes into view. It is wielding a +0 club.
The orc warrior hits you with a +0 long sword!
You die...

...........#....#..#.............
...........#.......##....##.)....
...>.......#.}..P..###+####).....
...............P~P.##............
.###...##....o..~P.##............
'###...# ....#..P............<...
.......'. ..##+...........[......
.......#.. ##..###............
..##...##. #o@..##....##......
### ### #.o#..##+#####......
#....#...#............
#....#...'............
....###..########..##..
########..### #.......# #.......#
#.......#


You could see an orc warrior and 2 orcs.

Vanquished Creatures
  A howler monkey (D:4)
  An orc priest (D:4)
  Ijyb (D:3)
  7 adders
  A worm (D:2)
  A dart slug (D:2)
  6 orcs
  5 endoplasms
  4 giant cockroaches
  5 goblins
  11 hobgoblins
  9 kobolds
  A quokka (D:1)
  2 ball pythons
  5 bats
  3 frilled lizards
  11 rats
74 creatures vanquished.

Notes
Turn   | Place    | Note
-------+----------+-------------------------------------------
     0 | D:1      | qw the Tengu Warper began the quest for the Orb.
     0 | D:1      | Reached XP level 1. HP: 12/12 MP: 4/4
     0 | D:1      | 0 ||| qw: Version: 0.1-a-89-g26bdef1
     0 | D:1      | 0 ||| qw: Game counter: 1878
     0 | D:1      | 0 ||| qw: Always use a shield: true
     0 | D:1      | 0 ||| qw: God list: Okawaru
     0 | D:1      | 0 ||| qw: Allow faded altars: false
     0 | D:1      | 0 ||| qw: Do Orc after D:15 true
     0 | D:1      | 0 ||| qw: Do second Lair branch before Depths: true
     0 | D:1      | 0 ||| qw: Lair rune preference: random
     0 | D:1      | 0 ||| qw: Plans: Normal
     0 | D:1      | 0 ||| PLANNING D:1-11
    24 | D:1      | 24 ||| Stepping ~*~*~tactically~*~*~ (stealth).
   146 | D:1      | Reached XP level 2. HP: 17/17 MP: 6/6
   168 | D:1      | Reached skill level 3 in Axes
   425 | D:1      | 425 ||| Stepping ~*~*~tactically~*~*~ (stealth).
   810 | D:1      | 810 ||| Stepping ~*~*~tactically~*~*~ (stealth).
   879 | D:1      | Reached XP level 3. HP: 20/21 MP: 7/7
  1203 | D:1      | 1203 ||| UPGRADING to +0 plate armour.
  1213 | D:1      | 1213 ||| DROPPING +0 leather armour.
  1214 | D:1      | 1214 ||| UPGRADING to +0 tower shield.
  1219 | D:1      | 1219 ||| DROPPING ring of magical power.
  1220 | D:1      | 1220 ||| UPGRADING to ring of protection from cold.
  1221 | D:1      | 1221 ||| READING scroll labelled BIRHOTHAOHE.
  1222 | D:1      | 1222 ||| READING scroll labelled YJE CEVEREEH.
  1223 | D:1      | 1223 ||| READING 2 scrolls labelled KYRRYM DAULAEM.
  1224 | D:1      | 1224 ||| DRINKING 2 fuming brown potions.
  1225 | D:1      | 1225 ||| DRINKING 2 purple potions.
  1226 | D:1      | 1226 ||| DROPPING scroll of blinking.
  1227 | D:1      | 1227 ||| DROPPING scroll of poison.
  1228 | D:1      | 1228 ||| DROPPING potion of flight.
  1287 | D:2      | 1287 ||| DROPPING +0 club.
  1298 | D:2      | Found Mulu's Book Shoppe.
  1303 | D:2      | 1303 ||| Stepping ~*~*~tactically~*~*~ (stealth).
  1304 | D:2      | 1304 ||| Stepping ~*~*~tactically~*~*~ (stealth).
  1421 | D:2      | HP: 5/21 [poisoned by an adder]
  1422 | D:2      | Reached skill level 1 in Shields
  1424 | D:2      | HP: 2/21 [poisoned by an adder]
  1717 | D:2      | 1717 ||| Stepping ~*~*~tactically~*~*~ (stealth).
  1741 | D:2      | 1741 ||| Stepping ~*~*~tactically~*~*~ (stealth).
  2033 | D:2      | Reached XP level 4. HP: 26/26 MP: 8/8
  2512 | D:2      | 2512 ||| UPGRADING to amulet of reflection.
  2517 | D:2      | 2517 ||| READING scroll labelled ASEURELIEKO.
  2598 | D:3      | 2598 ||| Stepping ~*~*~tactically~*~*~ (stealth).
  2604 | D:3      | Found a faded altar of an unknown god.
  2700 | D:3      | Reached skill level 3 in Shields
  2902 | D:3      | You fall into a shaft and drop 1 floor!
  2921 | D:4      | Gained mutation: Your magical nature lets you fly swiftly
                  | and evasively. [Tengu growth]
  2921 | D:4      | Reached XP level 5. HP: 30/30 MP: 9/9
  2932 | D:4      | 2932 ||| READING scroll labelled YRPHA GOARUE.
  2933 | D:4      | 2933 ||| READING scroll labelled JEBLOO EGGA.
  2934 | D:4      | 2934 ||| DRINKING 2 fizzy coppery potions.
  2935 | D:4      | 2935 ||| DROPPING potion of brilliance.
  3043 | D:3      | 3043 ||| READING scroll of enchant armour.
  3043 | D:3      | 3043 ||| ENCHANTING +0 plate armour.
  3060 | D:3      | Noticed Ijyb
  3061 | D:3      | 3061 ||| Stepping ~*~*~tactically~*~*~ (hiding).
  3077 | D:3      | Killed Ijyb
  3318 | D:3      | Identified the ring "Wuxkiry" {rF+ rC+ Dex+6}
  3705 | D:3      | 3705 ||| UPGRADING to ring "Wuxkiry" {rF+ rC+ Dex+6}.
  3706 | D:3      | 3706 ||| READING scroll labelled UNTAER HEOSANA.
  3823 | D:4      | 3823 ||| STAIRDANCE
  3830 | D:4      | 3830 ||| STAIRDANCE
  3841 | D:4      | 3841 ||| STAIRDANCE
  3847 | D:4      | 3847 ||| STAIRDANCE
  3854 | D:4      | 3854 ||| STAIRDANCE
  4114 | D:4      | 4114 ||| Stepping ~*~*~tactically~*~*~ (stealth).
  4161 | D:4      | Reached XP level 6. HP: 32/35 MP: 10/10
  4221 | D:4      | Noticed an orc warrior
  4222 | D:4      | 4222 ||| Stepping ~*~*~tactically~*~*~ (hiding).
  4235 | D:4      | HP: 5/35 [orc warrior/+0 long sword (5)]
  4240 | D:4      | Mangled by an orc warrior

Levels and vault maps discovered:
D:1:      tarquinn_simple_flora_water_f, layout_loops_ring
D:2:      layout_loops_corners, serial_shops, shop
D:3:      layout_basic, ebering_ecumenical_altar_webs, kennysheep_crisscross,
          minmay_misc_feat_square, uniq_ijyb
D:4:      kennysheep_goblin_castle, layout_gridville, tso_oasis_becter,
          mainiacjoe_overflow_cross_hatched, serial_shops, kennysheep_little_box

Skill      XL: |  1  2  3  4  5 |
---------------+----------------+-----
Axes           | 3 4 |  4.3
Shields        | 2 3 4 |  4.4
Fighting       | |  2.0
Throwing       | |  1.0
Armour         | |  1.1
Dodging        | |  2.1
Spellcasting   | |  2.0
Translocations | |  2.4

Action                   |  1- 3 |  4- 6 || total
-------------------------+-------+-------++-------
Melee: Hand axe          |    97 |   112 ||   209
       Kick              |    22 |    31 ||    53
       Peck              |    10 |    17 ||    27
Throw: Boomerang         |     7 |       ||     7
  Use: Scroll            |     3 |     5 ||     8
       Potion            |     2 |     1 ||     3
Armor: Leather armour    |    12 |       ||    12
       Plate armour      |    27 |    44 ||    71
Dodge: Dodged            |    24 |     4 ||    28
Block: Tower shield      |    17 |    97 ||   114
       Reflection        |       |     3 ||     3

Table legend:
 A = Non-vault XP
 B = Vault XP
 C = Vault XP percentage of total XP
 D = Non-vault monster count
 E = Vault monster count
 F = Vault count percentage of total count
                 A         B        C        D         E       F
            +---------+---------+-------+---------+---------+-------
      Total |     304 |      35 |  10.3 |      73 |       1 |   1.4
            +---------+---------+-------+---------+---------+-------
        D:1 |      40 |       0 |   0.0 |      25 |       0 |   0.0
        D:2 |      86 |       0 |   0.0 |      22 |       0 |   0.0
        D:3 |      70 |      35 |  33.3 |      17 |       1 |   5.6
        D:4 |     108 |       0 |   0.0 |       9 |       0 |   0.0
            +---------+---------+-------+---------+---------+-------
